 Dungeon Crawl Stone Soup version 0.29.1-15-g9cfb28693d (webtiles) character file.

Game seed: 16420514183687428897

408 KittyFluff the Cudgeller (level 6, -3/39 HPs)
             Began as a Gargoyle Berserker on Feb 22, 2023.
             Was a Believer of Trog.
             Slain by an ogre
             ... wielding a +0 giant spiked club
              (22 damage)
             ... on level 4 of the Dungeon.
             The game lasted 00:20:45 (4121 turns).

KittyFluff the Cudgeller (Gargoyle Berserker)       Turns: 4121, Time: 00:20:45

Health: -3/39      AC: 10    Str: 21    XL:     6   Next: 88%
Magic:  6/6        EV: 12    Int:  7    God:    Trog [**....]
Gold:   162        SH:  5    Dex: 11    Spells: 5/5 levels left

rFire   . . .      SeeInvis .   a - +0 mace
rCold   . . .      Faith    .   (no shield)
rNeg    + + +      Spirit   .   i - +0 leather armour
rPois   ∞          Reflect  +   (no helmet)
rElec   +          Harm     .   (no cloak)
rCorr   .          Rampage  .   m - +1 pair of gloves of the Valley {rN++}
Will    .....                   (no boots)
Stlth   +.........              l - amulet of reflection
HPRegen 0.13/turn               (no ring)
MPRegen 0.10/turn               (no ring)

@: no status effects
A: sickness immunity, AC +4, negative energy resistance 1, electricity
resistance, torment resistance 1, petrification resistance
a: Renounce Religion, Berserk, Trog's Hand


You were on level 4 of the Dungeon.
You worshipped Trog.
Trog was pleased with you.
You visited 1 branch of the dungeon, and saw 4 of its levels.

You collected 162 gold pieces.

Inventory:

Hand Weapons
 a - a +0 mace (weapon)
Missiles
 g - 24 stones (quivered)
 t - 5 poisoned darts
Armour
 h - a +0 ring mail
 i - a +0 leather armour (worn)
 m - the +1 pair of gloves of the Valley (worn) {rN++}
   (You found it on level 2 of the Dungeon)

   rN:        It greatly protects you from negative energy.
 p - a +0 ring mail
Jewellery
 e - a ring of protection from fire
 l - an amulet of reflection (around neck)
Wands
 o - a wand of flame (8)
Scrolls
 c - 2 scrolls of blinking {unknown}
 f - 2 scrolls of teleportation {unknown}
 j - a scroll of brand weapon
 k - a scroll of torment
 n - 2 scrolls of magic mapping {unknown}
 q - 2 scrolls of enchant weapon {unknown}
 r - a scroll of butterflies
 w - a scroll of silence
Potions
 b - a potion of might
 d - 2 potions of curing
 s - a potion of heal wounds
 u - a potion of mutation {unknown}
 v - a potion of lignification {unknown}


   Skills:
 + Level 4.5 Fighting
 + Level 5.1 Maces & Flails
 * Level 3.6 Armour
 + Level 2.9 Dodging
 + Level 1.0 Stealth
 + Level 1.5 Shields


You had 5 spell levels left.
You didn't know any spells.
Your spell library was empty.

Dungeon Overview and Level Annotations

Branches:
Dungeon (4/15)
 Temple: D:4-7

Altars:

Shops:
D:1 (


Innate Abilities, Weirdness & Mutations

You are immune to sickness and miasma.
Your stone body is resilient. (AC +4)
You are immune to poison.
You resist negative energy. (rN+)
You are resistant to electric shocks. (rElec)
You are resistant to unholy torment.
You are immune to petrification.


Message History

a +0 whip; an orc corpse; a scorpion corpse The adder attacks as you move away!
The adder barely misses you.
You closely miss the adder. You block the adder's attack.
You hit the adder.
The adder is heavily wounded.
The adder barely misses you. The adder bites you but does no damage.
You hit the adder. You punch the adder.
The adder is almost dead.
The adder closely misses you.
You sock the adder!
You kill the adder!
Trog accepts your kill.
You barely miss the quokka.
The quokka bites you but does no damage.
You miss the quokka. You block the quokka's attack. The quokka misses you.
You closely miss the quokka.
The quokka bites you but does no damage.
You hit the quokka but do no damage. You punch the quokka, but do no damage.
The quokka twitches its whiskers.
You block the quokka's attack.
You hit the quokka but do no damage. The quokka barely misses you.
The quokka bites you but does no damage.
You closely miss the quokka. The quokka barely misses you.
You barely miss the quokka. The quokka barely misses you.
You block the quokka's attack.
You closely miss the quokka. Your punch misses the quokka.
The quokka bites you.
You hit the quokka.
You kill the quokka!
Trog accepts your kill. The ogre barely misses you.
You completely miss the ogre. You hit the ogre.
The ogre is lightly wounded.
The ogre hits you with a +0 giant spiked club!
You barely miss the ogre.
The ogre is lightly wounded.
The ogre hits you with a +0 giant spiked club!!
Ouch! That really hurt!
You die...

####.####.#.#.........#'##.# .
..........#.#.##.####.#.##.# ...
...............#......#.##.# ...
.######.....######...##.##.#+#.##
...........<.......#..#.##...)...
....#######.####..###...##.......
#.#.# #.####.## ##....)......
#.#.### #..#....# #....#.......
..#...# #...#@##o##.#.........
.##...# #..##O#...####........
......# #.##)...(.../##.......
###)..######..####...####..#.....
...............#.##.## #..##.....
##....########....#.# ...# #.....
#...............## ##..# #.#...
#....####........# ... #.#...
#....# #.........#


You could see an ogre.

Vanquished Creatures
  An ice beast (D:4)
  A scorpion (D:4)
  3 hounds
  Natasha (thrice) (D:2)
  An adder (D:4)
  3 worms (D:3)
  3 dart slugs (D:1)
  2 orcs
  4 endoplasms
  13 giant cockroaches
  6 goblins (D:1)
  7 hobgoblins
  2 jackals (D:3)
  3 quokkas
  3 ball pythons
  7 bats
  5 frilled lizards
  3 kobolds
  6 rats
76 creatures vanquished.

Vanquished Creatures (others)
  A fungus (D:1)
1 creature vanquished.

Grand Total: 77 creatures vanquished

Notes
Turn   | Place    | Note
-------+----------+-------------------------------------------
     0 | D:1      | KittyFluff the Gargoyle Berserker began the quest for the
                  | Orb.
     0 | D:1      | Reached XP level 1. HP: 14/14 MP: 1/1
   240 | D:1      | Found a faded altar of an unknown god.
   310 | D:1      | Reached XP level 2. HP: 19/19 MP: 2/2
   961 | D:1      | Found Ychas's Antique Weapon Boutique.
   991 | D:1      | Reached XP level 3. HP: 15/24 MP: 3/3
  1526 | D:2      | Noticed Natasha
  1543 | D:2      | Killed Natasha
  1543 | D:2      | Reached ** piety under Trog
  1544 | D:2      | Reached XP level 4. HP: 6/29 MP: 4/4
  1713 | D:2      | Noticed Natasha
  1728 | D:2      | Killed Natasha
  2129 | D:2      | Identified the +1 pair of gloves of the Valley {rN++}
  2304 | D:2      | Noticed Natasha
  2317 | D:2      | Killed Natasha
  2318 | D:2      | Reached skill level 4 in Maces & Flails
  2503 | D:3      | Reached XP level 5. HP: 22/33 MP: 5/5
  3702 | D:4      | Reached XP level 6. HP: 37/39 MP: 6/6
  3800 | D:4      | Noticed an ice beast
  3813 | D:4      | Killed an ice beast
  3814 | D:4      | Reached skill level 5 in Maces & Flails
  3814 | D:4      | Reached skill level 1 in Shields
  4099 | D:4      | Reached skill level 1 in Stealth
  4121 | D:4      | Slain by an ogre

Illustrated notes

Levels and vault maps discovered:
D:1:      dpeg_arrival_water_fire, layout_loops_ring,
          shapermc_ecumenical_altar_ellora, serial_shops, nicolae_shop_trees
D:2:      layout_loops_ring, uniq_natasha
D:3:      minmay_roachtagon, layout_loops_ring, minmay_box_of_dots
D:4:      layout_basic, minmay_fractal_squares_gapless_5, uniq_eustachio

Skill      XL: |  1  2  3  4  5  6 |
---------------+-------------------+-----
Dodging        | 2 |  2.9
Fighting       | 4 |  4.5
Maces & Flails | 4 5 |  5.1
Armour         | 3 |  3.6
Shields        | 1 |  1.5
Stealth        | 1 |  1.0

Action                   |  1- 3 |  4- 6 || total
-------------------------+-------+-------++-------
Melee: Mace              |    79 |   227 ||   306
       Punch             |     1 |     2 ||     3
Invok: Berserk           |     1 |     3 ||     4
  Use: Scroll            |       |     8 ||     8
Armor: Animal skin       |    13 |       ||    13
       Leather armour    |     7 |   122 ||   129
Dodge: Dodged            |    45 |   180 ||   225
Block: Other             |       |    68 ||    68
